 Dungeon Crawl Stone Soup version 0.28.0-43-g3370ac3207 (webtiles) character file.

Game seed: 13295125437126085341

72 unlimited1921 the Chopper (level 4, -9/61 HPs)
             Began as a Gnoll Cinder Acolyte on Mar 9, 2022.
             Was a High Priest of Ignis.
             Killed by divine providence
             ... invoked by an orc priest
              (11 damage)
             ... on level 2 of the Dungeon.
             The game lasted 00:11:27 (2749 turns).

unlimited1921 the Chopper (Gnoll Cinder Acolyte)    Turns: 2749, Time: 00:11:28

Health: -9/61      AC: 22    Str: 14    XL:     4   Next: 26%
Magic:  8/8        EV:  2    Int: 15    God:    Ignis [*****.]
Gold:   36         SH:  0    Dex:  7    Spells: 9/9 levels left

rFire   + . .      SeeInvis .   l - +0 hand axe
rCold   . . .      Faith    .   (no shield)
rNeg    . . .      Spirit   .   (armour currently unavailable)
rPois   +          Reflect  .   (helmet currently unavailable)
rElec   .          Harm     .   (cloak currently unavailable)
rCorr   .          Rampage  .   (gloves currently unavailable)
Will    .....      NoTele   +   (boots currently unavailable)
Stlth   +.........              (no amulet)
HPRegen 0.20/turn               (no ring)
MPRegen 0.11/turn               (no ring)

@: confused, mighty, tree-form
A: stationary, stasis, torment immunity, boosted hp, (fangs 1), strong nose,
distributed training
a: Renounce Religion, Fiery Armour, Foxfire Swarm, Rising Flame


You were on level 2 of the Dungeon.
You worshipped Ignis.
Ignis was extremely pleased with you.
You were a tree.
You visited 1 branch of the dungeon, and saw 2 of its levels.

You collected 36 gold pieces.

Inventory:

Hand Weapons
 a - a -1 hand axe of flaming
 e - a +0 mace
 l - a +0 hand axe (weapon)
 q - a +0 hunting sling
Missiles
 h - 9 sling bullets
 j - 10 stones (quivered)
Armour
 b - a +0 robe
 d - a +0 pair of gloves (melded)
 k - a +0 chain mail (melded)
 m - a +0 ring mail
Scrolls
 f - a scroll of amnesia {unknown}
 g - a scroll of enchant armour {unknown}
 i - 2 scrolls of identify {unknown}
 n - a scroll of fog {unknown}


   Skills:
 + Level 6.6 Fighting
 + Level 1.1 Short Blades
 + Level 1.1 Long Blades
 + Level 6.6 Axes
 + Level 1.1 Maces & Flails
 + Level 1.1 Polearms
 + Level 1.1 Staves
 + Level 1.1 Slings
 + Level 1.1 Bows
 + Level 1.1 Crossbows
 + Level 1.1 Throwing
 + Level 1.1 Armour
 + Level 1.1 Dodging
 + Level 1.1 Stealth
 + Level 1.1 Shields
 + Level 1.1 Unarmed Combat
 + Level 3.0 Spellcasting
 + Level 0.8 Conjurations
 + Level 0.8 Hexes
 + Level 0.8 Summonings
 + Level 0.8 Necromancy
 + Level 0.8 Translocations
 + Level 0.8 Transmutations
 + Level 5.4 Fire Magic
 + Level 0.8 Ice Magic
 + Level 0.8 Air Magic
 + Level 0.8 Earth Magic
 + Level 0.8 Poison Magic
 + Level 1.2 Invocations
 + Level 1.1 Evocations


You had 9 spell levels left.
You didn't know any spells.
Your spell library contained the following spells:

 Spells                   Type           Power      Damage    Failure   Level
 Scorch                   Fire           36%        2d6       3%          2


Dungeon Overview and Level Annotations

Branches:
Dungeon (2/15)

Altars:
Ashenzari


Innate Abilities, Weirdness & Mutations

You are a tree.
Your roots penetrate the ground, keeping you stationary.
You cannot be teleported.
You are immune to unholy pain and torment.
Your maximum health is greatly increased.
Your equipment is partially melded.
((You have very sharp teeth.))
Your uncanny sense of smell can sniff out nearby items.
Your experience applies equally to all skills.


Message History

Something hits you but does no damage.
You hear some strange, mumbled words.
You are confused.
The orc priest calls down the wrath of Beogh upon you.
Beogh smites you!
* * * LOW HITPOINT WARNING * * *
You bump into the rock wall.
You hear some strange, mumbled words.
A puff of flame appears from out of thin air!
The puff of flame hits you. You resist.
* * * LOW HITPOINT WARNING * * *
The orc priest calls upon Beogh to heal the orc.
The orc's wounds heal themselves!
It was a potion of lignification.
You turn into a tree.
Your +0 pair of gloves melds into your body.
Your +0 chain mail melds into your body.
Your roots penetrate the ground.
It was a potion of might.
You feel very mighty all of a sudden.
The orc priest casts a cantrip, but nothing happens.
You are too injured to fight recklessly!
Unknown command.
Unknown command.
Unknown command.
Unknown command.
Unknown command.
You don't know any spells.
You don't know any spells.
Unknown command.
Unknown command.
Unknown command.
Unknown command.
Unknown command.
You are too confused!
Unknown command.
Unknown command.
Something hits you but does no damage.
The orc priest mumbles some strange prayers to Beogh against you.
Beogh smites you!
You die...

#.#.# ##.#.# #..#.#
##########.##.#
###..........##.#
..#..........##.#
##.#..........##.# ...#
##..##..###.##
...###....#.## #♣.#
.......##.#.# ##o#
.....#.##.#.# #.#
##..##...<..# #o#
....####)...# #.######
##.....#....### #.o....#
###.##.#(...o.###......#
##..##(...(.#oo........#
......(..)..#####......#


You could see an orc priest and 2 orcs.

Vanquished Creatures
  3 adders
  A worm (D:2)
  2 dart slugs
  An orc (D:2)
  5 bats
  An endoplasm (D:1)
  A goblin (D:2)
  3 hobgoblins (D:1)
  4 jackals (D:1)
  2 quokkas
  4 ball pythons (D:1)
  3 frilled lizards
  4 kobolds
  5 rats
39 creatures vanquished.

Vanquished Creatures (others)
  2 plants (D:1)
2 creatures vanquished.

Grand Total: 41 creatures vanquished

Notes
Turn   | Place    | Note
-------+----------+-------------------------------------------
     0 | D:1      | unlimited1921 the Gnoll Cinder Acolyte began the quest for
                  | the Orb.
     0 | D:1      | Reached XP level 1. HP: 23/23 MP: 4/4
   184 | D:1      | Reached XP level 2. HP: 21/29 MP: 5/5
   327 | D:2      | Found a broken altar of Ashenzari.
   707 | D:1      | Reached XP level 3. HP: 35/35 MP: 7/7
  1340 | D:1      | Reached skill level 1 in Invocations
  2028 | D:2      | Reached skill level 1 in Short Blades
  2028 | D:2      | Reached skill level 1 in Long Blades
  2028 | D:2      | Reached skill level 1 in Maces & Flails
  2028 | D:2      | Reached skill level 1 in Polearms
  2028 | D:2      | Reached skill level 1 in Staves
  2028 | D:2      | Reached skill level 1 in Slings
  2028 | D:2      | Reached skill level 1 in Bows
  2028 | D:2      | Reached skill level 1 in Crossbows
  2028 | D:2      | Reached skill level 1 in Throwing
  2028 | D:2      | Reached skill level 1 in Armour
  2028 | D:2      | Reached skill level 1 in Dodging
  2028 | D:2      | Reached skill level 1 in Stealth
  2028 | D:2      | Reached skill level 1 in Shields
  2028 | D:2      | Reached skill level 1 in Unarmed Combat
  2028 | D:2      | Reached skill level 1 in Evocations
  2029 | D:2      | Reached XP level 4. HP: 39/41 MP: 8/8
  2746 | D:2      | HP: 1/41 [something/puff of flame (3)]
  2749 | D:2      | Killed from afar by an orc priest

Illustrated notes

Levels and vault maps discovered:
D:1:      lightli_arrival_flooded_house, layout_basic, grunt_decor_resistance
D:2:      layout_rooms, basic_altar, uniq_robin

Skill      XL: |  1  2  3  4 |
---------------+-------------+-----
Invocations    | 1 |  1.2
Short Blades   | 1 |  1.1
Long Blades    | 1 |  1.1
Maces & Flails | 1 |  1.1
Polearms       | 1 |  1.1
Staves         | 1 |  1.1
Slings         | 1 |  1.1
Bows           | 1 |  1.1
Crossbows      | 1 |  1.1
Throwing       | 1 |  1.1
Armour         | 1 |  1.1
Dodging        | 1 |  1.1
Stealth        | 1 |  1.1
Shields        | 1 |  1.1
Unarmed Combat | 1 |  1.1
Evocations     | 1 |  1.1
Spellcasting   | 3 |  3.0
Fighting       | |  6.6
Axes           | |  6.6
Conjurations   | |  0.8
Hexes          | |  0.8
Summonings     | |  0.8
Necromancy     | |  0.8
Translocations | |  0.8
Transmutations | |  0.8
Fire Magic     | |  5.4
Ice Magic      | |  0.8
Air Magic      | |  0.8
Earth Magic    | |  0.8
Poison Magic   | |  0.8

Action                   |  1- 3 |  4- 6 || total
-------------------------+-------+-------++-------
Melee: Hand axe          |   111 |    32 ||   143
       Bite              |     7 |     1 ||     8
 Fire: Hunting sling     |       |     8 ||     8
Throw: Dart              |     6 |     1 ||     7
  Use: Scroll            |     1 |       ||     1
       Potion            |       |     2 ||     2
Armor: Robe              |    18 |       ||    18
       Chain mail        |    60 |    18 ||    78
       Skin              |       |     1 ||     1
Dodge: Dodged            |    51 |    13 ||    64
